[Event "*** Titled Tuesday Blitz"]
[Site "Chess.com"]
[Date "2018.12.04"]
[Round "3"]
[White "ddtru"]
[Black "yildirim2018"]
[Result "0-1"]
[WhiteElo "2327"]
[BlackElo "2447"]
[TimeControl "180+2"]
[EndTime "13:33:28 PST"]
[Termination "yildirim2018 won by resignation"]

1. d4 Nf6 2. c4 g6 3. g3 d5 4. cxd5 Nxd5 5. Bg2 Bg7 6. Nc3 Nb6 7. Nf3 Nc6 8. e3 O-O 9. O-O Re8 10. Nh4 Na5 11.
f4 c5 12. d5 e6 13. e4 exd5 14. exd5 Nac4 15. Qd3 Nd6 16. a4 Nbc4 17. b3 Ne3 18. Re1 Ndf5 19. Nf3 Nxg2 20. Rxe8+ Qxe8 21. Kxg2 Nd4 22.
Nxd4 cxd4 23. Nb5 Bf5 24. Qf1 Qd7 25. d6 Bh3+ 0-1

[Event "*** Titled Tuesday Blitz"]
[Site "Chess.com"]
[Date "2018.12.04"]
[Round "3"]
[White "VitaliyBernadskiy"]
[Black "chessking2151"]
[Result "1-0"]
[WhiteElo "2720"]
[BlackElo "2553"]
[TimeControl "180+2"]
[EndTime "13:33:39 PST"]
[Termination "VitaliyBernadskiy won by resignation"]

1. e4 c5 2. Nf3 d6 3. d4 cxd4 4. Nxd4 Nf6 5. Nc3 a6 6. Be2 e5 7. Nb3 Be6 8. O-O Be7 9. f4 exf4 10. Bxf4 Nbd7 11. Nd4 Qc7 12. Nxe6 fxe6 13. Bh5+ Nxh5 14. Qxh5+ g6 15. Qh3 Nc5 16. Be3 O-O-O 17. Nd5 Qb8 18.
Bxc5 Bg5 19. Qxe6+ Rd7 20. Nb6+ 1-0

[Event "*** Titled Tuesday Blitz"]
[Site "Chess.com"]
[Date "2018.12.04"]
[Round "3"]
[White "severomorskij"]
[Black "FMJoseHerrera"]
[Result "1-0"]
[WhiteElo "2738"]
[BlackElo "2544"]
[TimeControl "180+2"]
[EndTime "13:33:40 PST"]
[Termination "severomorskij won by resignation"]

1. d4 Nf6 2. c4 c5 3. d5 b5 4. cxb5 a6 5. e3 g6 6. Nc3 Bg7 7. Nf3 O-O 8. a4 d6 9. e4 Qa5 10. Ra3 Bg4 11. Bd2 Nbd7 12. bxa6 Ne5 13. Be2 Bxf3 14.
gxf3 c4 15. Nb5 Qd8 16. a7 Nfd7 17. f4 Nd3+ 18. Bxd3 cxd3 19. b4 f5 20. exf5 Rxf5 21. Rxd3 Nf6 22. Qb3 Bh6 23. Nd4 Rxd5 24. Nc6 1-0

[Event "*** Titled Tuesday Blitz"]
[Site "Chess.com"]
[Date "2018.12.04"]
[Round "3"]
[White "RiskyDecision"]
[Black "2Tilted"]
[Result "1-0"]
[WhiteElo "2390"]
[BlackElo "2270"]
[TimeControl "180+2"]
[EndTime "13:34:02 PST"]
[Termination "RiskyDecision won by resignation"]

1. d4 d5 2. c4 c6 3. cxd5 cxd5 4. Bf4 Nc6 5. e3 Nf6 6. Nc3 a6 7. Be2 Bf5 8. Nf3 Rc8 9. O-O e6 10. Ne5 Bd6 11. Qb3 b5 12. Nxc6 Rxc6 13. Bxd6 Qxd6 14.
Nxb5 axb5 15. Bxb5 O-O 16. Bxc6 Qxc6 17. Rfc1 Qd6 18.
f3 Rb8 19. Qc3 h5 20. b3 Nd7 21. Qc7 Qxc7 22. Rxc7 e5 23. e4 Be6 24. exd5 Bf5 25. Rd1 exd4 26. Rxd4 Kf8 27. Rf4 1-0

[Event "*** Titled Tuesday Blitz"]
[Site "Chess.com"]
[Date "2018.12.04"]
[Round "3"]
[White "Winehouse83"]
[Black "anesar92"]
[Result "0-1"]
[WhiteElo "2449"]
[BlackElo "2679"]
[TimeControl "180+2"]
[EndTime "13:34:10 PST"]
[Termination "anesar92 won by resignation"]

1. d4 d5 2. c4 dxc4 3. e4 Nf6 4. e5 Nd5 5. Bxc4 Nb6 6. Bd3 Nc6 7. Ne2 Be6 8. O-O Nb4 9. Be4 Bd5 10. Nbc3 Bxe4 11.
Nxe4 e6 12. Bg5 Be7 13. Bxe7 Qxe7 14. a3 N4d5 15. Nc5 c6 16. Nc3 Rd8 17. N3e4 Nc8 18. b4 O-O 19. Rc1 b6 20. Nb3 Qb7 21. Qc2 Nde7 22.
Rfd1 Rd5 23. Rd3 Rfd8 24. Rh3 Nf5 25. g4 Nxd4 26. Nxd4 Rxd4 27. Nd6 Nxd6 28. Qxh7+ Kf8 29. exd6 R8xd6 30. Qh8+ Ke7 31. Qxg7 c5 32. Rg3 Rd1+ 0-1

[Event "*** Titled Tuesday Blitz"]
[Site "Chess.com"]
[Date "2018.12.04"]
[Round "3"]
[White "joppie2"]
[Black "Mikhail_Golubev"]
[Result "1-0"]
[WhiteElo "2719"]
[BlackElo "2465"]
[TimeControl "180+2"]
[EndTime "13:34:17 PST"]
[Termination "joppie2 won by resignation"]

1. e4 c5 2. Nf3 d6 3. d4 cxd4 4.
Nxd4 Nf6 5. Nc3 g6 6. Be3 Bg7 7. f3 a6 8. Qd2 h5 9. Be2 Nbd7 10. O-O b5 11. a4 b4 12. Nd5 Nxd5 13. exd5 Bb7 14.
Nc6 Bxc6 15. dxc6 Ne5 16. f4 Nxc6 17. f5 Ne5 18. fxg6 fxg6 19. Qd5 Rc8 20. Bxa6 Bf6 21. Rxf6 1-0

[Event "*** Titled Tuesday Blitz"]
[Site "Chess.com"]
[Date "2018.12.04"]
[Round "3"]
[White "GrigorGrigorov"]
[Black "LazyIM"]
[Result "1/2-1/2"]
[WhiteElo "2809"]
[BlackElo "2622"]
[TimeControl "180+2"]
[EndTime "13:34:33 PST"]
[Termination "Game drawn by agreement"]

1. d4 Nf6 2. c4 g6 3. Nf3 Bg7 4. g3 b6 5. Bg2 Bb7 6. O-O O-O 7. Nc3 Ne4 8. Nxe4 Bxe4 9. Be3 d5 10. Rc1 Nc6 11. Qd2 Qd7 12. Rfd1 Rfd8 13. b3 Rac8 14. c5 a5 15. Ne1 Bxg2 16. Kxg2 b5 17. Nf3 Qf5 18.
Bh6 Ra8 19. Bxg7 Kxg7 20. a3 h6 21. Qe3 Re8 22. Ne5 Nxe5 23. dxe5 c6 24. Rd4 f6 25. exf6+ exf6 26. Qf3 Qxf3+ 27. Kxf3 Re5 28. e3 h5 29. h3 Rh8 30. Rcd1 Rhe8 31. R1d2 f5 32. h4 Kf6 33. Rd1 Re4 1/2-1/2

[Event "*** Titled Tuesday Blitz"]
[Site "Chess.com"]
[Date "2018.12.04"]
[Round "3"]
[White "Firouzja2003"]
[Black "LastGladiator1"]
[Result "1-0"]
[WhiteElo "3011"]
[BlackElo "2675"]
[TimeControl "180+2"]
[EndTime "13:34:36 PST"]
[Termination "Firouzja2003 won by resignation"]

1. e4 c6 2. d4 d5 3. e5 Bf5 4. Nf3 e6 5. Be2 Nd7 6. O-O Bg6 7. c3 Nh6 8. Nbd2 c5 9. dxc5 Bxc5 10. Nb3 Be7 11.
h3 Nf5 12. Bf4 Rc8 13. Bd3 O-O 14. Qe2 Nc5 15. Nxc5 Rxc5 16. Rad1 Rc8 17. c4 Qa5 18. cxd5 exd5 19. b3 Rfd8 20. e6 f6 21. g4 Nd6 22.
Bxg6 hxg6 23. Nh4 Kh7 24. Bxd6 Rxd6 25. Qd3 Rxe6 26. Qxg6+ Kh8 27. Qf7 f5 1-0

[Event "*** Titled Tuesday Blitz"]
[Site "Chess.com"]
[Date "2018.12.04"]
[Round "3"]
[White "PawnEatingZombie"]
[Black "Vamostodorecto"]
[Result "0-1"]
[WhiteElo "2219"]
[BlackElo "2427"]
[TimeControl "180+2"]
[EndTime "13:34:44 PST"]
[Termination "Vamostodorecto won by resignation"]

1. d4 d5 2. c4 dxc4 3. e4 b5 4. a4 c6 5. axb5 cxb5 6. Nc3 a6 7. Nxb5 axb5 8. Rxa8 Bb7 9. Ra1 e6 10. Nf3 Nf6 11. Be2 Bb4+ 12. Bd2 Bxd2+ 13. Qxd2 Nxe4 14. Qc2 O-O 15. O-O Ng5 16. Rfd1 Nxf3+ 17. Bxf3 Bxf3 18.
gxf3 Nc6 19. Qe4 Nb4 20. Kh1 g6 21. Ra7 Nd3 22. Rd2 Qg5 23. Qe3 Nf4 0-1

[Event "*** Titled Tuesday Blitz"]
[Site "Chess.com"]
[Date "2018.12.04"]
[Round "3"]
[White "Atanejhad"]
[Black "WinnerOleg"]
[Result "1-0"]
[WhiteElo "2273"]
[BlackElo "2319"]
[TimeControl "180+2"]
[EndTime "13:34:45 PST"]
[Termination "Atanejhad won by resignation"]

1. Nf3 d5 2. e3 Nf6 3. b3 g6 4.
Bb2 Bg7 5. d4 O-O 6. Be2 b6 7.
O-O Bb7 8. c4 Ne4 9. Nbd2 Nxd2 10. Qxd2 c6 11. cxd5 cxd5 12. Rfc1 Nd7 13. a4 Nf6 14. a5 Rc8 15. Ne5 Qd6 16. a6 Ba8 17.
Ba3 Qe6 18. Qb4 Ne4 19. Qxe7 Qf5 20. f3 Bh6 21. Ng4 Bg5 22. Qxa7 Nf6 23. Bxf8 Nxg4 24. fxg4 Bxe3+ 25. Kh1 Rxc1+ 26. Rxc1 Qf2 27. Rf1 Qxe2 28. Qxf7+ 1-0

[Event "*** Titled Tuesday Blitz"]
[Site "Chess.com"]
[Date "2018.12.04"]
[Round "3"]
[White "silverback96"]
[Black "GMWSO"]
[Result "0-1"]
[WhiteElo "2126"]
[BlackElo "2980"]
[TimeControl "180+2"]
[EndTime "13:34:45 PST"]
[Termination "GMWSO won by resignation"]

1. d4 Nf6 2. c4 e6 3. g3 Bb4+ 4.
Bd2 Be7 5. Bg2 d5 6. Nf3 O-O 7.
O-O Nbd7 8. Qc2 c6 9. Rc1 b6 10. Nc3 dxc4 11. e4 Bb7 12. e5 Nd5 13. Ne4 b5 14. h4 h6 15. Nh2 c5 16. Bc3 b4 17. Bd2 cxd4 18. Qxc4 Nxe5 19. Qxd4 Nc6 20. Qd3 Qb6 21. Ng4 f5 22. Nc5 fxg4 23. Nxe6 Qxf2+ 24. Kh2 Ne5 25. Qb5 Nf3+ 26. Kh1 Qxg3 27. Bxf3 Qxf3+ 28.
Kh2 Qf2+ 0-1

[Event "*** Titled Tuesday Blitz"]
[Site "Chess.com"]
[Date "2018.12.04"]
[Round "3"]
[White "dretch"]
[Black "ENEASZ"]
[Result "1-0"]
[WhiteElo "2816"]
[BlackElo "2607"]
[TimeControl "180+2"]
[EndTime "13:34:51 PST"]
[Termination "dretch won by resignation"]

1. d4 Nf6 2. c4 e6 3. Nc3 d5 4.
cxd5 exd5 5. Bg5 Be7 6. e3 Nbd7 7. Bd3 c6 8. Nge2 Nh5 9. Bxe7 Qxe7 10. O-O O-O 11. Qb1 g6 12. b4 a6 13. a4 Ng7 14. b5 c5 15. Nxd5 Qd6 16. Ndc3 cxd4 17. Nxd4 Ne5 18. Ne4 Qe7 19. Be2 Nf5 20. Qb2 Bd7 21.
Nc3 Nxd4 22. exd4 Ng4 23. Rfe1 Rfe8 24. Qd2 Qd6 25. Bxg4 Bxg4 26. Ne4 Qb6 27. Qg5 Qxd4 28. Nf6+ Kg7 29. Nxg4 Qc3 30. Ne3 axb5 31. Qxb5 Ra5 32. Qxe8 1-0

[Event "*** Titled Tuesday Blitz"]
[Site "Chess.com"]
[Date "2018.12.04"]
[Round "3"]
[White "NTDVAN"]
[Black "SCIM"]
[Result "1-0"]
[WhiteElo "2644"]
[BlackElo "2425"]
[TimeControl "180+2"]
[EndTime "13:34:53 PST"]
[Termination "NTDVAN won by resignation"]

1. e4 c5 2. Nf3 e6 3. d4 cxd4 4.
Nxd4 Nc6 5. Nc3 Qc7 6. Be3 a6 7. Qf3 Nf6 8. O-O-O Ne5 9. Qg3 b5 10. Bxb5 axb5 11. Ndxb5 Qb8 12. Bf4 d6 13. Rxd6 Bxd6 14. Nxd6+ Qxd6 15. Bxe5 Qe7 16. Qxg7 Rg8 17. Qxf6 Qxf6 18.
Bxf6 Rxg2 19. Bh4 Bb7 20. Bg3 Rd8 21. Re1 h5 22. a4 Rd4 23. b3 h4 24. Bxh4 Rxh2 25.
Bg3 Rh5 26. Nb5 Rxb5 27. axb5 Rb4 28. Kb2 Rxb5 29. c4 Rb6 30. Kc3 Ra6 31. Kb2 Kd7 32.
Rd1+ Ke7 33. Bh4+ Kf8 34. Bf6 Kg8 35. Rh1 1-0

[Event "*** Titled Tuesday Blitz"]
[Site "Chess.com"]
[Date "2018.12.04"]
[Round "3"]
[White "Jadeit90"]
[Black "SanchezKelvin"]
[Result "1/2-1/2"]
[WhiteElo "2266"]
[BlackElo "2481"]
[TimeControl "180+2"]
[EndTime "13:35:01 PST"]
[Termination "Game drawn by stalemate"]

1. g3 g6 2. Bg2 Bg7 3. Nc3 c5 4. e4 Nc6 5. d3 d6 6. Be3 e5 7.
Nge2 Nge7 8. O-O O-O 9. Qd2 Nd4 10. Rae1 Rb8 11. Nd1 Bh3 12. c3 Bxg2 13. Kxg2 Nxe2 14. Rxe2 Qa5 15. b4 cxb4 16. cxb4 Qa3 17. d4 d5 18. dxe5 dxe4 19. Bc5 Rfd8 20. Qe3 Qxe3 21.
Rxe3 Nc6 22. Rxe4 b6 23. Be3 Nxe5 24. Bf4 f6 25. Bxe5 fxe5 26. Ne3 Rd4 27. Rg4 Rbd8 28. Rc1 R8d7 29. Rc8+ Kf7 30. h4 h5 31. Rxd4 exd4 32. Nc4 d3 33. Ne3 d2 34. Nd1 Be5 35. Rc2 Rd4 36.
Kf1 Rxb4 37. Rxd2 Rd4 38. Rxd4 Bxd4 39. Ke2 Ke6 40. Ne3 Bxe3 41. Kxe3 b5 42. Ke4 a5 43. f3 b4 44. g4 a4 45. Kd4 b3 46. axb3 axb3 47. Kc3 Ke5 48. Kxb3 Kf4 49. gxh5 gxh5 50. Kc3 Kxf3 51. Kd3 Kg3 52. Ke2 Kxh4 53. Kf1 Kh3 54. Kg1 Kg3 55. Kh1 h4 56. Kg1 h3 57. Kh1 h2 1/2-1/2

[Event "*** Titled Tuesday Blitz"]
[Site "Chess.com"]
[Date "2018.12.04"]
[Round "3"]
[White "1e41-0"]
[Black "Fianchettoed-Tower"]
[Result "1-0"]
[WhiteElo "2506"]
[BlackElo "2473"]
[TimeControl "180+2"]
[EndTime "13:35:02 PST"]
[Termination "1e41-0 won by checkmate"]

1. d4 Nf6 2. c4 g6 3. Nc3 d5 4. Bg5 Ne4 5. h4 h6 6. Bf4 Nxc3 7. bxc3 dxc4 8. e4 Bg7 9. Bxc4 c5 10. Nf3 Qa5 11.
O-O O-O 12. Qc1 Kh7 13. h5 Bg4 14. hxg6+ fxg6 15. Ne5 Bxe5 16. dxe5 Qa4 17. Bd5 Nc6 18. f3 Bc8 19. Bxh6 Rd8 20. Qg5 Bd7 21. Qh4 e6 22.
Bg5+ Kg8 23. Qh6 exd5 24. Qxg6+ Kf8 25. Bh6+ Ke7 26. Qf6+ Ke8 27. Qf8# 1-0

[Event "*** Titled Tuesday Blitz"]
[Site "Chess.com"]
[Date "2018.12.04"]
[Round "3"]
[White "dmosesov"]
[Black "narutosmith"]
[Result "1-0"]
[WhiteElo "2354"]
[BlackElo "2220"]
[TimeControl "180+2"]
[EndTime "13:35:16 PST"]
[Termination "dmosesov won by resignation"]

1. e4 c5 2. Nf3 e6 3. d4 cxd4 4. Nxd4 Nc6 5. Nc3 Qc7 6. Be3 a6 7. Be2 Nf6 8. O-O h5 9. h3 d6 10. f4 Bd7 11. Bf3 Rc8 12. Nb3 b5 13. Re1 Be7 14.
Qe2 h4 15. Bf2 g6 16. Nd5 Nxd5 17. exd5 Nb4 18. c3 Nxa2 1-0

[Event "*** Titled Tuesday Blitz"]
[Site "Chess.com"]
[Date "2018.12.04"]
[Round "3"]
[White "M1711"]
[Black "pKiLz5Rn9b"]
[Result "0-1"]
[WhiteElo "2472"]
[BlackElo "2748"]
[TimeControl "180+2"]
[EndTime "13:35:20 PST"]
[Termination "pKiLz5Rn9b won by resignation"]

1. d4 Nf6 2. c4 e6 3. Nf3 d5 4.
Nc3 c6 5. e3 Nbd7 6. Bd3 dxc4 7. Bxc4 b5 8. Be2 Bd6 9. O-O a6 10. e4 e5 11. dxe5 Nxe5 12. Nxe5 Bxe5 13. Qxd8+ Kxd8 14. Bg5 Kc7 15. f3 Be6 16. Rac1 Rhd8 17. Kf2 h6 18. Be3 g5 19. g3 Kb7 20. a3 g4 21.
Rfd1 h5 22. Rxd8 Rxd8 23. Rd1 Rh8 24. Bd4 Bxd4+ 25. Rxd4 gxf3 26. Bxf3 h4 27. Kg2 hxg3 28. hxg3 Nd7 29. Ne2 Ne5 30. Nf4 Rh2+ 31. Kxh2 Nxf3+ 32. Kg2 Nxd4 33. b4 a5 34. Nd3 axb4 35. axb4 Kb6 36. Nc5 Nc2 37. e5 Bd5+ 38. Kf2 Nxb4 39. Nd7+ Kc7 40. Nf6 Nd3+ 41. Ke3 Nxe5 42. g4 Kd6 43. Kd4 Ke6 44. g5 Nf3+ 45. Kc5 Nxg5 46.
Nh5 Ne4+ 47. Kd4 f5 48. Nf4+ Kd6 49. Ke3 c5 50. Kd3 b4 51. Kc2 c4 52. Kb1 Ke5 53. Ne2 Nc3+ 54. Nxc3 bxc3 0-1

[Event "*** Titled Tuesday Blitz"]
[Site "Chess.com"]
[Date "2018.12.04"]
[Round "3"]
[White "DenisQ"]
[Black "ChristopherYoo"]
[Result "1/2-1/2"]
[WhiteElo "2599"]
[BlackElo "2419"]
[TimeControl "180+2"]
[EndTime "13:35:24 PST"]
[Termination "Game drawn by agreement"]

1. Nf3 Nf6 2. g3 g6 3. Bg2 Bg7 4. O-O O-O 5. c4 d5 6. cxd5 Nxd5 7. Nc3 Nxc3 8. dxc3 Nd7 9. Bg5 h6 10. Be3 c5 11.
Qd2 Kh7 12. Rfd1 Qc7 13. Qc2 Rb8 14. h4 Kg8 15. Qd2 h5 16. Bg5 Nb6 17. Bh6 Bg4 18.
Bxg7 Kxg7 19. b3 Rfd8 20. Qb2 Kg8 21. c4 Bxf3 22. Bxf3 Nd7 23. Rd5 Nf6 24. Rxd8+ Rxd8 25. b4 cxb4 26. Qxb4 b6 27. a4 Rc8 28. a5 e6 29. axb6 axb6 30. Ra6 Nd7 31. Ra4 Nc5 32. Ra1 Rd8 33. Rb1 Rd6 34. Kg2 1/2-1/2

[Event "*** Titled Tuesday Blitz"]
[Site "Chess.com"]
[Date "2018.12.04"]
[Round "3"]
[White "JonahWillow"]
[Black "ValeriyGrinev"]
[Result "1-0"]
[WhiteElo "2680"]
[BlackElo "2558"]
[TimeControl "180+2"]
[EndTime "13:35:25 PST"]
[Termination "JonahWillow won by resignation"]

1. e4 Nf6 2. Nc3 d5 3. e5 Nfd7 4. e6 fxe6 5. d4 g6 6. h4 Bg7 7. h5 c5 8. hxg6 cxd4 9. Rxh7 Rg8 10. Rxg7 Rxg7 11. Bh6 Rxg6 12. Qh5 Ne5 13. Nf3 Nxf3+ 14. gxf3 Kf7 15. Bd3 Qg8 16. O-O-O dxc3 17. Rg1 cxb2+ 18. Kxb2 Qh8+ 19. c3 Ke8 20. Rxg6 Kd7 21. Qg4 Kc7 22. Bf4+ Kb6 23. Rg8 e5 24. Qxc8 Qf6 25. Be3+ d4 26.
Rg6 dxe3 27. Rxf6+ exf6 28. fxe3 a6 29. Be4 1-0

[Event "*** Titled Tuesday Blitz"]
[Site "Chess.com"]
[Date "2018.12.04"]
[Round "3"]
[White "Schachmalanders"]
[Black "StephenDedalus83"]
[Result "0-1"]
[WhiteElo "2314"]
[BlackElo "2727"]
[TimeControl "180+2"]
[EndTime "13:35:27 PST"]
[Termination "StephenDedalus83 won by resignation"]

1. e4 c5 2. c3 Nf6 3. e5 Nd5 4. d4 cxd4 5. Nf3 Nc6 6. cxd4 d6 7. Bc4 dxe5 8. Nxe5 e6 9. Nxc6 bxc6 10.
Nc3 Be7 11. O-O O-O 12. Ne4 a5 13. Qe2 Qb6 14. Be3 Ba6 15. Bxa6 Qxa6 16. Qxa6 Rxa6 17. Rfc1 Rb8 18. Rc2 Kf8 19. a3 Ke8 20. Rac1 Kd7 21. Nc5+ Bxc5 22. dxc5 Rb3 23. Bd4 f6 24. Rd2 e5 25. Bc3 Ke6 26. g3 a4 27. Re2 g5 28.
h3 Ra7 29. Re4 Nxc3 30. Rxc3 Rxc3 31. bxc3 Kd5 32. f3 Kxc5 33. f4 gxf4 34. gxf4 Kd5 35. Rb4 c5 36. Rb6 exf4 37. Rxf6 Kc4 38. Rc6 Ra5 39. Rc7 Kb3 40. Rxh7 Rb5 41. Rf7 Kxa3 42. Rxf4 Kb3 43. c4 Ra5 44. Rf3+ Kb4 45. Rf1 a3 46. Ra1 a2 47. Kg2 Kxc4 48. h4 Kb3 49. h5 Ra6 50. Kg3 Kb2 51. Rd1 a1=Q 52. Rxa1 Kxa1 53. Kg4 c4 54. Kg5 c3 55. h6 0-1

[Event "*** Titled Tuesday Blitz"]
[Site "Chess.com"]
[Date "2018.12.04"]
[Round "3"]
[White "bubacik"]
[Black "Naruto-K"]
[Result "1-0"]
[WhiteElo "2664"]
[BlackElo "2442"]
[TimeControl "180+2"]
[EndTime "13:35:28 PST"]
[Termination "bubacik won by resignation"]

1. d4 Nf6 2. Nf3 e6 3. Bf4 c5 4. e3 Nc6 5. Nc3 d5 6. Nb5 Bd7 7. Nc7+ Ke7 8. dxc5 e5 9. Nxe5 Qxc7 10. Ng6+ hxg6 11.
Bxc7 Ke8 12. Bd6 Bxd6 13. cxd6 Be6 14. Bb5 Rd8 15. Qd4 a6 16. Bxc6+ bxc6 17. Qc5 Kd7 18.
f3 Rb8 19. Qa7+ Kxd6 20. Qxa6 Rhc8 21. O-O Ke7 22. a4 Kf8 23. a5 Kg8 24. Rfb1 Ra8 25. Qe2 Nd7 26. a6 Nb6 27. a7 c5 28. Ra6 Nd7 29.
Rba1 c4 30. Qd2 Nc5 31. Rb6 Nd7 32. Rb5 Nf6 33. Qb4 Nd7 34. Rb7 Kh7 35. Ra5 Rd8 36. Qe7 Ne5 37. Qxd8 Rxd8 38. Rb8 Rxb8 39. axb8=Q Nc6 40. Qc7 Nxa5 41. Qxa5 g5 42. Kf2 Kg6 43. Kg3 f6 44. h4 gxh4+ 45. Kxh4 Bf5 46. c3 Be6 47. g4 Kf7 48. Qc7+ Kg6 49. f4 Bg8 50. f5+ Kh7 51. Kh5 Kh8 52. Kg6 Bh7+ 53. Kf7 d4 54. Qd8+ 1-0

[Event "*** Titled Tuesday Blitz"]
[Site "Chess.com"]
[Date "2018.12.04"]
[Round "3"]
[White "theblitzchamp"]
[Black "VerdeNotte"]
[Result "0-1"]
[WhiteElo "2705"]
[BlackElo "2844"]
[TimeControl "180+2"]
[EndTime "13:35:29 PST"]
[Termination "VerdeNotte won by resignation"]

1. e4 e5 2. Nf3 Nc6 3. d4 exd4 4.
Bc4 Bc5 5. c3 Nf6 6. cxd4 Bb4+ 7. Nc3 Nxe4 8. O-O Bxc3 9. d5 Bf6 10. Re1 O-O 11. Rxe4 Ne7 12. Bg5 Ng6 13. Bxf6 Qxf6 14. d6 cxd6 15. Qd2 b6 16. Bd5 Rb8 17. Rd1 Bb7 18. Bxb7 Rxb7 19. b3 Rc7 20. h3 Ne5 21. Nd4 Rfc8 22. f4 Ng6 23. Rde1 h6 24. Nb5 Rc2 25.
Re8+ Kh7 26. Qxd6 Rxe8 27. Rxe8 Qa1+ 28. Kh2 Qf1 29. Qd5 Qxf4+ 30. Kg1 Rc1+ 0-1

[Event "*** Titled Tuesday Blitz"]
[Site "Chess.com"]
[Date "2018.12.04"]
[Round "3"]
[White "MFBerna"]
[Black "Superfelix"]
[Result "0-1"]
[WhiteElo "2363"]
[BlackElo "2387"]
[TimeControl "180+2"]
[EndTime "13:35:29 PST"]
[Termination "Superfelix won on time"]

1. e4 e6 2. d4 d5 3. exd5 exd5 4.
Qf3 Bd6 5. Bd3 Nc6 6. c3 Nge7 7. Ne2 h5 8. h3 Be6 9. Bf4 Qd7 10. Nd2 O-O-O 11.
O-O-O Ng6 12. Bxd6 Qxd6 13. g3 Nce7 14. h4 Bg4 15. Qg2 Rhe8 16. f3 Bf5 17. Nb3 Bxd3 18. Rxd3 Nf5 19. f4 Re7 20. Ng1 Ne3 21. Qh3+ Ng4 22.
Nf3 f6 23. Nh2 Qe6 24. Nxg4 hxg4 25. Qg2 b6 26. Nd2 Rde8 27. Rd1 Qf5 28. Nf1 Re2 29. Qh1 Re1 30. Rxe1 Rxe1+ 31. Kd2 Rd1+ 32. Kxd1 Qxd3+ 33. Kc1 Ne7 34. Qg2 Nf5 35. Qf2 c6 36. a4 a5 37. Qe1 Kd7 38. Qd1 Qe4 0-1

[Event "*** Titled Tuesday Blitz"]
[Site "Chess.com"]
[Date "2018.12.04"]
[Round "3"]
[White "DiogenesSinopeus"]
[Black "goodnigth"]
[Result "1-0"]
[WhiteElo "2428"]
[BlackElo "2347"]
[TimeControl "180+2"]
[EndTime "13:35:32 PST"]
[Termination "DiogenesSinopeus won by resignation"]

1. d4 Nf6 2. c4 Nc6 3. Nc3 e5 4. d5 Ne7 5. h4 d6 6. e4 Bg4 7. Be2 Bxe2 8. Qxe2 Nd7 9. Nf3 c6 10.
Be3 Qa5 11. O-O-O cxd5 12. cxd5 Rc8 13. Kb1 a6 14. Rc1 g6 15. h5 Bg7 16. Bg5 f6 17. h6 Bf8 18. Bd2 Nc5 19. Ne1 Kf7 20. Nd3 Nxd3 21. Qxd3 b5 22. Qh3 f5 23. Bg5 b4 24. Ne2 Rxc1+ 25. Rxc1 Qb5 26. Qf3 f4 27. g3 Bxh6 28. Bxh6 b3 29. a3 1-0

[Event "*** Titled Tuesday Blitz"]
[Site "Chess.com"]
[Date "2018.12.04"]
[Round "3"]
[White "Benek77"]
[Black "dyziotomi99"]
[Result "0-1"]
[WhiteElo "2569"]
[BlackElo "2614"]
[TimeControl "180+2"]
[EndTime "13:35:35 PST"]
[Termination "dyziotomi99 won by resignation"]

1. e4 c5 2. Nf3 d6 3. d4 cxd4 4. Nxd4 Nf6 5. Nc3 a6 6. Be2 e6 7. O-O Nbd7 8. Be3 b5 9. a3 Bb7 10. Bf3 Be7 11. Re1 O-O 12. Bg5 Rc8 13. h3 Ne5 14.
Be2 Nxe4 15. Nxe4 Bxe4 16. Bxe7 Qxe7 17. c3 Bd5 18. Nf5 Qd8 19. Ne3 Bc4 20. Nxc4 Nxc4 21. Bxc4 Rxc4 22. Qd2 d5 23. Rad1 Qc7 24. Qe2 a5 25.
Rd3 g6 26. Rf3 b4 27. axb4 axb4 28. Qd2 bxc3 29. bxc3 Rc8 30. Qg5 Rxc3 31. Rxc3 Qxc3 32. Rd1 Qc2 33. Re1 Qf5 34. Qe3 Kg7 35. Qd4+ Qf6 36. Qd2 Qc3 37. Qe2 Rc4 38. Rd1 Re4 39. Qf1 h5 40. g3 Qc5 41. Kh2 Rc4 42. h4 e5 43.
Kg1 e4 44. Qe2 Rc2 45. Qe3 Qxe3 46. fxe3 Re2 47. Rxd5 Rxe3 48. Kf2 Rf3+ 49. Kg2 Rc3 50. Re5 f5 51. Re6 Kf7 52. Re5 Kf6 53. Re8 Rc2+ 54. Kg1 Rc6 55. Kf2 Re6 56. Rf8+ Ke5 57. Ra8 Rc6 58.
Ra5+ Kd4 59. Ra4+ Rc4 60. Ra6 Rc2+ 61. Kf1 e3 62. Rxg6 Ke4 63. Rf6 Rf2+ 64. Kg1 Rf3 65. Kg2 Rf2+ 66. Kg1 f4 67. gxf4 Rxf4 68. Re6+ Kf3 69.
Re8 Rxh4 70. Rf8+ Rf4 71. Re8 e2 0-1

[Event "*** Titled Tuesday Blitz"]
[Site "Chess.com"]
[Date "2018.12.04"]
[Round "3"]
[White "iaraldinho"]
[Black "GMMatamoros"]
[Result "1-0"]
[WhiteElo "2494"]
[BlackElo "2519"]
[TimeControl "180+2"]
[EndTime "13:35:37 PST"]
[Termination "iaraldinho won by resignation"]

1. e4 c5 2. Nf3 Nc6 3. d4 cxd4 4. Nxd4 e5 5. Nb5 d6 6. N1c3 a6 7. Na3 Be7 8. Nc4 b5 9. Ne3 Nf6 10. Bd3 O-O 11. O-O Nb4 12. Ncd5 Nfxd5 13. Nxd5 Nxd5 14.
exd5 f5 15. f3 Qb6+ 16. Kh1 Bb7 17. a4 b4 18. Re1 Qc5 19. Be3 Qxd5 20. Qe2 Qc6 21.
Bd2 a5 22. Bb5 Qb6 23. Rad1 Bf6 24. Be3 Qc7 25. Qc4+ Qxc4 26. Bxc4+ d5 27. Rxd5 Rfc8 28. Rc5+ Kf8 29. b3 e4 30. Rxf5 exf3 31. gxf3 Rc7 32. Kg2 Rac8 33. Bb6 Re7 34. Rxe7 Kxe7 35. Bxa5 Kd6 36.
Bxb4+ Kc6 37. Rc5+ Kb6 38. a5+ Ka7 39. Rxc8 Bxc8 40.
Bc5+ Kb7 41. a6+ Kb8 42. a7+ Ka8 43. Bd5+ Bb7 44. Bxb7+ Kxb7 45. h3 g5 46. Kf1 h5 47.
Ke2 1-0

[Event "*** Titled Tuesday Blitz"]
[Site "Chess.com"]
[Date "2018.12.04"]
[Round "3"]
[White "Mykola-Bortnyk"]
[Black "jncool68"]
[Result "1-0"]
[WhiteElo "2841"]
[BlackElo "2636"]
[TimeControl "180+2"]
[EndTime "13:35:39 PST"]
[Termination "Mykola-Bortnyk won by resignation"]

1. e4 e5 2. Nf3 Nc6 3. Bb5 a6 4. Ba4 Nf6 5. Qe2 d6 6. O-O Be7 7. c3 O-O 8. h3 b5 9. Bc2 Bb7 10. Rd1 Re8 11. a4 b4 12. d4 bxc3 13. bxc3 exd4 14.
Nxd4 Nxd4 15. cxd4 Bf8 16. f3 Nh5 17. Nc3 g6 18. Rb1 Rb8 19. Bd3 Bg7 20. Bxa6 Bxa6 21. Qxa6 Rxb1 22. Nxb1 Qh4 23. Qb5 Bxd4+ 24. Rxd4 Re5 25.
Qb8+ Kg7 26. Rd1 Rc5 27. Be3 Rc2 28. Nd2 Nf4 29. Bxf4 Qxf4 30. Qb3 Rc5 31. Qd3 h5 32. Nb3 Rg5 33. a5 Qg3 34. Qd4+ Kh7 35. Qf2 Qxh3 36. a6 Qc8 37. a7 h4 38. Ra1 Qa8 39. Qxh4+ Rh5 40. Qf6 Kg8 41. Nd4 Rc5 42. Kf2 1-0

[Event "*** Titled Tuesday Blitz"]
[Site "Chess.com"]
[Date "2018.12.04"]
[Round "3"]
[White "Alexander_Moskalenko"]
[Black "Bad_left_hook"]
[Result "1-0"]
[WhiteElo "2840"]
[BlackElo "2510"]
[TimeControl "180+2"]
[EndTime "13:35:39 PST"]
[Termination "Alexander_Moskalenko won by resignation"]

1. e4 c5 2. Nf3 d6 3. c3 Nf6 4. h3 Nc6 5. Bd3 d5 6. e5 Nd7 7. Qe2 Qc7 8. Bb5 e6 9. O-O a6 10. Bxc6 Qxc6 11. d4 Be7 12. Bg5 Bxg5 13. Nxg5 O-O 14.
Qd3 g6 15. Qg3 Kg7 16. h4 h5 17.
Nd2 b5 18. Ndf3 a5 19. Rac1 Ba6 20. Rfe1 Qb6 21. Nh3 b4 22. Nf4 Rh8 23. Ng5 Rae8 24.
Re3 Nf8 25. Qf3 Qa7 26. dxc5 bxc3 27. bxc3 Nh7 28. Nxh7 Rxh7 29. Nh3 Qxc5 30. Ng5 Kg8 31. Nxh7 1-0